 Dungeon Crawl Stone Soup version 0.25-a0-489-g9ae84a01e3 (webtiles) character file.

Game seed: 2859065401942757534, levelgen mode: deterministic

1697 Eurus the Magician (level 8, -6/61 HPs)
             Began as a Mummy Conjurer on Feb 11, 2020.
             Was an Initiate of Ashenzari.
             Shot with an arrow by a centaur (15 damage)
             ... on level 5 of the Dungeon.
             The game lasted 00:18:01 (6815 turns).

Eurus the Magician (Mummy Conjurer)                 Turns: 6815, Time: 00:18:01

Health: -6/61      AC:  6    Str: 12    XL:     8   Next: 72%
Magic:  12/17      EV: 12    Int: 16    God:    Ashenzari [......]
Gold:   163        SH:  0    Dex: 12    Spells: 13/20 levels left

rFire    . . .     SeeInvis .   d - +6 flail
rCold    + . .     Gourm    .   (no shield)
rNeg     + + +     Faith    .   i - +0 robe {rF+}
rPois    ∞         Spirit   .   p - +2 helmet
rElec    .         Reflect  .   n - +0 cloak
rCorr    .         Harm     .   (no gloves)
MR       +....                  (no boots)
Stlth    ++........             j - amulet of regeneration
HPRegen  0.60/turn              (no ring)
MPRegen  0.15/turn              (no ring)

@: no status effects
A: no food or potions, fire vulnerability, cold resistance 1, negative energy
resistance 3, torment resistance, unbreathing
a: Curse Item, Renounce Religion


You were on level 5 of the Dungeon.
You worshipped Ashenzari.
Ashenzari was noncommittal.
You were not hungry.

You visited 1 branch of the dungeon, and saw 5 of its levels.

You collected 163 gold pieces.

Inventory:

Hand Weapons
 d - a +6 flail (weapon)
 o - a +2 quarterstaff of chaos
Armour
 i - a +0 robe of fire resistance (worn)
 n - a +0 cloak (worn)
 p - a +2 helmet (worn)
Jewellery
 j - an amulet of regeneration (around neck)
Wands
 l - a wand of random effects (16)
 q - a wand of digging (5)
Scrolls
 a - 2 scrolls of teleportation
 b - a scroll of random uselessness {unknown}
 c - a scroll of identify
 e - a scroll of immolation {unknown}
 f - 2 scrolls of remove curse
 g - a scroll of enchant weapon {unknown}
 h - 2 scrolls of amnesia
 k - a scroll of magic mapping {unknown}
 m - a scroll of fear {unknown}


   Skills:
 + Level 4.8 Fighting
 + Level 3.6 Armour
 - Level 1.5 Dodging
 - Level 1.5 Stealth
 + Level 6.6 Spellcasting
 + Level 5.6 Conjurations
 + Level 3.6 Translocations


You had 13 spell levels left.
You knew the following spells:

 Your Spells              Type           Power        Failure   Level  Hunger
a - Magic Dart            Conj           ###.         1%          1    N/A
b - Searing Ray           Conj           ###...       1%          2    N/A
c - Iskenderun's Mystic   Conj/Tloc      ###.....     19%         4    N/A

Your spell library contained the following spells:

 Spells                   Type           Power        Failure   Level  Hunger
 Gell's Gravitas          Tloc           ###.......   9%          3    N/A
 Dazzling Flash           Conj/Hex       ##....       12%         3    N/A
 Corona                   Hex            #......      13%         1    N/A
 Ensorcelled Hibernation  Hex/Ice        #.....       21%         2    N/A
 Confusing Touch          Hex            #.......     36%         3    N/A
 Tukima's Dance           Hex            #.......     36%         3    N/A
 Fulminant Prism          Conj/Hex       ##........   38%         4    N/A
 Petrify                  Tmut/Erth      #.......     78%         4    N/A
 Metabolic Englaciation   Hex/Ice        #.........   98%         5    N/A
 Yara's Violent Unravell  Hex/Tmut       #.........   98%         5    N/A

Dungeon Overview and Level Annotations

Branches:
Dungeon (5/15)
 Temple: D:4-7

Altars:
Ashenzari
Dithmenos
Fedhas
Gozag
Kikubaaqudgha
Makhleb
Vehumet


Innate Abilities, Weirdness & Mutations

You do not eat or drink.
Your flesh is vulnerable to fire.
You are immune to poison.
Your flesh is cold resistant. (rC+)
You are immune to negative energy. (rN+++)
You are immune to unholy pain and torment.
You can survive without breathing.


Message History

The searing ray hits the centaur!
The centaur is heavily wounded. (Press . to maintain the ray.)
The centaur wields a +2 shortbow of freezing.
It is covered in frost.
The centaur shoots an arrow.
The arrow hits you!
The searing ray hits the centaur!
The centaur is severely wounded.
The centaur shoots an arrow.
The arrow hits you!
The searing ray hits the centaur.
The centaur is almost dead.
The centaur shoots an arrow.
The arrow hits you! The arrow freezes you.
The searing ray misses the centaur.
You finish channeling your searing ray.
The centaur shoots an arrow.
The arrow hits you!
* * * LOW HITPOINT WARNING * * *
The arrow freezes you.
* * * LOW HITPOINT WARNING * * *
The centaur shoots an arrow.
The arrow hits you!
* * * LOW HITPOINT WARNING * * *
The centaur shoots an arrow.
The arrow hits you!
You die...

#......# . #......#
... ##.._.%.######...
#.............#
#.##.......(....# #
#........)......##
#.#######............
#.c..#.....)...###...
#@#.####).....#...
#.#.# #[.).......
#.#.# ##......#...
#.#)# #......## ..
#.#)# ##)#...# #.#.#
#.#...# ..
..##.#.####.#...# ...
#.##.#....#.#...#
....
#.##.####.#.#....


You could see a centaur.

Vanquished Creatures
  Pikel (D:3)
  Edmund (D:4)
  An ice beast (D:5)
  2 ogres (D:4)
  2 phantoms (D:4)
  A howler monkey (D:4)
  A bullfrog zombie (D:5)
  2 orc priests
  Crazy Yiuf (D:3)
  8 orc wizards
  Ijyb (D:4)
  3 worker ants (D:4)
  Robin (D:4)
  3 gnolls (D:4)
  4 adders (D:3)
  4 oozes
  An adder skeleton (D:4)
  A worm (D:2)
  2 dart slugs (D:1)
  2 leopard geckos (D:4)
  20 orcs
  10 bats
  4 giant cockroaches
  20 goblins
  10 hobgoblins
  8 jackals
  A quokka (D:3)
  9 frilled lizards
  12 kobolds
  9 rats
  A fungus (D:2)
146 creatures vanquished.

Vanquished Creatures (others)
  A fungus (D:2)
1 creature vanquished.

Grand Total: 147 creatures vanquished

Notes
Turn   | Place    | Note
-------+----------+-------------------------------------------
     0 | D:1      | Eurus the Mummy Conjurer began the quest for the Orb.
     0 | D:1      | Reached XP level 1. HP: 13/13 MP: 4/4
   316 | D:1      | Reached XP level 2. HP: 20/20 MP: 2/5
   346 | D:1      | Reached skill level 3 in Spellcasting
   879 | D:1      | Reached skill level 1 in Fighting
  1203 | D:1      | Learned a level 2 spell: Searing Ray
  1297 | D:1      | Reached XP level 3. HP: 25/26 MP: 7/7
  1890 | D:2      | Found a radiant altar of Vehumet.
  2242 | D:2      | Found a blossoming altar of Fedhas.
  2411 | D:2      | Reached XP level 4. HP: 32/32 MP: 7/9
  2417 | D:2      | Learned a level 4 spell: Iskenderun's Mystic Blast
  3247 | D:3      | Found a blossoming altar of Fedhas.
  3367 | D:3      | Found a burning altar of Makhleb.
  3370 | D:3      | Found an opulent altar of Gozag.
  3380 | D:3      | Found an ancient bone altar of Kikubaaqudgha.
  3380 | D:3      | Found a shattered altar of Ashenzari.
  3380 | D:3      | Found a shadowy altar of Dithmenos.
  3389 | D:3      | Became a worshipper of Ashenzari the Shackled
  3830 | D:3      | Found a runed translucent door.
  3831 | D:3      | Noticed Crazy Yiuf
  3838 | D:3      | Killed Crazy Yiuf
  3838 | D:3      | Reached XP level 5. HP: 38/38 MP: 5/10
  4247 | D:4      | Noticed Edmund
  4275 | D:4      | Noticed an ogre
  4276 | D:4      | Reached skill level 1 in Armour
  4276 | D:4      | Reached skill level 4 in Spellcasting
  4276 | D:4      | Reached skill level 1 in Translocations
  4360 | D:4      | Killed Edmund
  4360 | D:4      | Reached XP level 6. HP: 30/46 MP: 1/12
  4821 | D:4      | Noticed Robin
  4833 | D:4      | Killed Robin
  4945 | D:4      | Reached XP level 7. HP: 43/52 MP: 0/14
  5069 | D:4      | Reached skill level 5 in Spellcasting
  5326 | D:4      | Noticed Pikel
  5611 | D:4      | Reached skill level 5 in Conjurations
  5763 | D:4      | Noticed Ijyb
  5784 | D:4      | Killed Ijyb
  5833 | D:3      | Killed Pikel
  5833 | D:3      | Reached skill level 6 in Spellcasting
  5833 | D:3      | Reached XP level 8. HP: 35/61 MP: 4/17
  6346 | D:5      | Entered Level 5 of the Dungeon
  6568 | D:5      | Found a radiant altar of Vehumet.
  6815 | D:5      | Shot with an arrow by a centaur

Levels and vault maps discovered:
D:1:      nicolae_arrival_memento_mori, layout_basic, st_stairs_9
D:2:      layout_basic, vehumet_crystals, first_ration, minivault_23,
          chequers_serial_rivers_micro_c, grunt_ministairs_11,
          minmay_misc_feat_pillars, fedhas_altar_3
D:3:      layout_basic, minitemple, nicolae_overflow_hidden_temple,
          uniq_crazy_yiuf_cottage
D:4:      layout_rooms, uniq_ijyb, uniq_robin, uniq_edmund, uniq_pikel
D:5:      layout_basic, basic_altar, uniq_prince_ribbit1

Skill      XL: |  1  2  3  4  5  6  7 |
---------------+----------------------+-----
Spellcasting   | 3 4 6 |  6.6
Fighting       | 1 2 3 4 |  4.8
Conjurations   | 4 5 |  5.6
Armour         | 1 2 3 |  3.6
Translocations | 1 2 3 |  3.6
Dodging        | |  1.5
Stealth        | |  1.5

Action                   |  1- 3 |  4- 6 |  7- 9 || total
-------------------------+-------+-------+-------++-------
Melee: Dagger            |    60 |    34 |       ||    94
       Club              |     8 |       |       ||     8
       Unarmed           |     7 |       |       ||     7
       Quarterstaff      |       |     8 |       ||     8
       Flail             |       |    10 |    37 ||    47
 Cast: Magic Dart        |    76 |    61 |    42 ||   179
       Searing Ray       |     1 |    17 |    24 ||    42
  Use: Scroll            |       |       |     3 ||     3
 Stab: Sleeping          |       |     1 |       ||     1
Armor: Robe              |    21 |    12 |    26 ||    59
Dodge: Dodged            |    74 |    51 |    60 ||   185

Table legend:
 A = Non-vault XP
 B = Vault XP
 C = Vault XP percentage of total XP
 D = Non-vault monster count
 E = Vault monster count
 F = Vault count percentage of total count
                 A         B        C        D         E       F
            +---------+---------+-------+---------+---------+-------
      Total |    1519 |     906 |  37.4 |     124 |      21 |  14.5
            +---------+---------+-------+---------+---------+-------
        D:1 |      56 |       4 |   6.7 |      28 |       3 |   9.7
        D:2 |      56 |       2 |   3.4 |      27 |       1 |   3.6
        D:3 |      87 |     658 |  88.3 |      23 |       2 |   8.0
        D:4 |    1002 |     242 |  19.5 |      34 |      15 |  30.6
        D:5 |     318 |       0 |   0.0 |      12 |       0 |   0.0
            +---------+---------+-------+---------+---------+-------
